AoeStats
← Maty

Coastal Forest

510345995Analyzed
4v4 RM · 14h ago on Sep 30, 2026· 22m 17s· 8 players
Game mode
Random Map
Map size
Large (8 player)
Population
200
Speed
Normal
Resources
Standard
Victory
Conquest
Starting age
Dark Age
Ending age
Imperial Age
RankedLock teamsTeams togetherTeam positionsShared explorationLock speedFull tech treeHidden civsTurbo modeCheats
Victory
Defeat
🇪🇨 Britons · Ecuador
1471
+14
🇧🇷 Mongols · Brazil
1465
+15
🇹🇷 Japanese · Türkiye
1420
+16
🇹🇷 Vikings · Türkiye
1416
+16
🇭🇰 Burmese · Hong Kong SAR China
1442
-16
🇩🇰 Bulgarians · Denmark
1431
-15
🇻🇳 Gurjaras · Vietnam
1430
-15
🇩🇪 Bengalis · Germany
1423
-15
jardan1234
5:11 Loom
11:42 Feudal Age
15:20 Castle Age
15:06 Horse Collar
15:08 Fishing Lines
18:51 Medium Warships
18:36 Fletching
22:22 Bodkin Arrow
FinishedMyBurger
10:06 Feudal Age
11:13 Double-Bit Axe
13:04 Horse Collar
13:42 Loom
18:11 Gold Mining
20:44 Castle Age
19:30 Scale Barding Armor
19:36 Forging
20:25 Bloodlines
20:50 Fletching
Theverat
7:11 Loom
9:41 Feudal Age
11:06 Horse Collar
13:43 Wheelbarrow
13:40 Double-Bit Axe
15:44 Scale Barding Armor
thanh7531
1:11 Loom
10:02 Feudal Age
16:13 Forging
22:46 Castle Age
Maty
6:15 Loom
9:08 Loom
11:40 Feudal Age
12:17 Double-Bit Axe
15:14 Castle Age
13:19 Fishing Lines
14:37 Gold Mining
16:04 Forging
16:16 Medium Warships
16:40 Gillnets
17:23 Town Watch
18:16 Fletching
20:02 Iron Casting
22:16 Demolition Ship
Apep
6:14 Loom
8:31 Feudal Age
9:15 Man-at-Arms
20:16 Fletching
MAZZUCCO
7:43 Loom
10:08 Feudal Age
14:52 Castle Age
12:48 Double-Bit Axe
13:40 Bloodlines
14:52 Fishing Lines
15:44 Horse Collar
18:11 Gillnets
19:37 Forging
Jun Misugi
4:33 Loom
9:01 Feudal Age
9:38 Double-Bit Axe
14:13 Fletching
20:09 Horse Collar
Connection lost

Rejoining the realm…

Still unreachable

The connection could not be restored.

Session expired

The server has moved on; the page needs a fresh start.